AoeStats
← tjcameron2011

Arabian Desert

510442213Analyzed
1v1 RM · 16h ago on Oct 1, 2026· 50m 39s· 2 players
Game mode
Random Map
Map size
Tiny (2 player)
Population
200
Speed
Normal
Resources
Standard
Victory
Conquest
Starting age
Dark Age
Ending age
Imperial Age
RankedLock teamsTeams togetherTeam positionsShared explorationLock speedFull tech treeHidden civsTurbo modeCheats
Victory
Defeat
🇲🇽 Turks · Mexico
628
+15
🇺🇸 Huns · United States
613
-15
tjcameron2011
11:04 Feudal Age
12:21 Wheelbarrow
11:33 Town Watch
12:03 Double-Bit Axe
13:01 Horse Collar
14:50 Loom
19:17 Castle Age
17:39 Scale Barding Armor
17:42 Gold Mining
18:56 Bloodlines
19:45 Forging
20:57 Bow Saw
20:51 Heavy Plow
20:47 Stone Mining
22:46 Husbandry
23:29 Fervor
24:24 Ballistics
27:24 Iron Casting
27:37 Scale Mail Armor
27:28 Fletching
27:33 Pikeman
28:46 Squires
30:29 Padded Archer Armor
30:39 Light Cavalry
34:26 Hand Cart
35:36 Arson
36:12 Chain Mail Armor
36:13 Leather Archer Armor
36:43 Marauders
38:16 Bodkin Arrow
39:41 Gold Shaft Mining
40:00 Chain Barding Armor
40:48 Thumb Ring
49:15 Imperial Age
49:22 Elite Tarkan
50:39 Conscription
51:21 Blast Furnace
50:57 Plate Barding Armor
Black_Hat00
1:11 Loom
12:55 Feudal Age
13:35 Double-Bit Axe
13:32 Horse Collar
17:28 Wheelbarrow
23:06 Castle Age
22:36 Forging
22:33 Scale Barding Armor
26:17 Murder Holes
27:22 Ballistics
30:11 Heavy Plow
31:37 Bow Saw
34:41 Imperial Age
33:58 Gold Mining
34:59 Bloodlines
36:20 Iron Casting
35:38 Fletching
38:35 Town Watch
39:29 Heavy Camel Rider
42:59 Arson
44:22 Blast Furnace
44:32 Thumb Ring
44:10 Treadmill Crane
47:27 Hand Cart
47:13 Town Patrol
50:33 Elite Janissary
Connection lost

Rejoining the realm…

Still unreachable

The connection could not be restored.

Session expired

The server has moved on; the page needs a fresh start.